 Dungeon Crawl Stone Soup version 0.31.0-12-g77e489cdc1 (webtiles) character file.

Game seed: 827460035608043796

231 talack the Vexing (level 6, -5/47 HPs)
             Began as a Gnoll Hexslinger on Mar 5, 2024.
             Killed by nerve-wracking pain
             ... invoked by an orc priest
              (14 damage)
             ... on level 4 of the Dungeon.
             The game lasted 00:20:37 (2836 turns).

talack the Vexing (Gnoll Hexslinger)                Turns: 2836, Time: 00:20:38

Health: -5/47      AC:  9    Str:  7    XL:     6   Next: 3%
Magic:  11/11      EV: 12    Int: 12    God:
Gold:   92         SH:  0    Dex: 23    Spells: 11/11 levels left

rFire   + . .        E - +4 short sword (elec)
rCold   + . .        (no shield)
rNeg    . . .        k - +3 ring mail {rC+}
rPois   .            (no helmet)
rElec   .            (no cloak)
rCorr   .            G - +0 pair of gloves
SInv    .            (no boots)
Will    .....        (no amulet)
Stlth   ++           D - +6 ring of dexterity
HPRegen 0.27/turn    K - ring of protection from fire
MPRegen 0.12/turn

%: no passive effects
@: no status effects
A: fangs 1, strong nose, distributed training
a: no special abilities


You were on level 4 of the Dungeon.
You visited 1 branch of the dungeon, and saw 4 of its levels.

You collected 92 gold pieces.

Inventory:

Hand Weapons
 a - a +1 sling
 d - a +0 short sword
 f - a +0 club
 j - a +0 orcbow
 l - a +0 club
 m - a +1 dagger of electrocution
 n - a +0 sling
 o - a +0 dagger
 r - a +0 dagger
 t - a +0 whip
 u - a +0 falchion
 y - a +0 whip
 A - a +0 short sword
 B - a +0 dagger
 E - a +4 short sword of electrocution (weapon)
 H - a +0 whip
 I - a +1 whip of venom
 L - a +0 club
Missiles
 s - 3 curare-tipped darts
 x - 10 stones (quivered)
Armour
 c - a +0 robe
 e - a +0 robe
 g - a +0 robe
 k - a +3 ring mail of cold resistance (worn)
 q - the +0 leather armour "Curiogh" {^Contam Rampage Dex+3}
   (You found it on level 2 of the Dungeon)

   Dex+3:     It affects your dexterity (+3).
   ^Contam:   It causes magical contamination when unequipped.
   Rampage:   It bestows one free step when moving towards enemies.
 v - a +0 leather armour
 C - a +0 robe
 F - a +0 ring mail
 G - a +0 pair of gloves (worn)
 J - a +0 leather armour
Magical Staves
 w - a staff of conjuration
Jewellery
 D - a +6 ring of dexterity (left hand)
 K - a ring of protection from fire (right hand)
Scrolls
 b - a scroll of poison
 h - 4 scrolls of identify {unknown}
 p - a scroll of enchant armour {unknown}
 z - a scroll of fog {unknown}
Potions
 i - a potion of invisibility {unknown}
 M - a potion of heal wounds {unknown}


   Skills:
 + Level 3.1 Fighting
 + Level 1.8 Short Blades
 + Level 1.8 Long Blades
 + Level 1.8 Axes
 + Level 1.8 Maces & Flails
 + Level 1.8 Polearms
 + Level 1.8 Staves
 + Level 4.9 Ranged Weapons
 + Level 1.8 Throwing
 + Level 1.8 Armour
 + Level 4.9 Dodging
 + Level 1.8 Stealth
 + Level 1.8 Shields
 + Level 1.8 Unarmed Combat
 + Level 3.3 Spellcasting
 + Level 1.4 Conjurations
 + Level 5.6 Hexes
 + Level 1.4 Summonings
 + Level 1.4 Necromancy
 + Level 1.4 Translocations
 + Level 2.5 Fire Magic
 + Level 1.4 Ice Magic
 + Level 1.4 Air Magic
 + Level 1.4 Earth Magic
 + Level 1.4 Alchemy
 + Level 2.0 Invocations
 + Level 1.8 Evocations
 + Level 1.6 Shapeshifting


You had 11 spell levels left.
You didn't know any spells.
Your spell library contained the following spells:

 Spells                   Type           Power      Damage    Failure   Level
 Jinxbite                 Hex            30%        N/A       12%         2
 Sigil of Binding         Hex            15%        N/A       24%         3
 Inner Flame              Hex/Fire       11%        N/A       41%         3
 Lesser Beckoning         Tloc           10%        N/A       54%         2
 Cause Fear               Hex            7%         N/A       61%         4
 Gell's Gravitas          Tloc           5%         N/A       78%         3
 Stone Arrow              Conj/Erth      10%        3d7       78%         3
 Teleport Other           Tloc           5%         N/A       78%         3
 Dimensional Bullseye     Hex/Tloc       5%         N/A       88%         4
 Animate Armour           Summ/Erth      10%        N/A       99%         4
 Lehudib's Crystal Spear  Conj/Erth      2%         10d2      100%        8


Dungeon Overview and Level Annotations

Branches:
Dungeon (4/15)
 Temple: D:4-7

Altars:

Shops:
D:2 [


Innate Abilities, Weirdness & Mutations

You have very sharp teeth.
Your uncanny sense of smell can sniff out nearby items.
Your experience applies equally to all skills.


Message History

You barely miss the orc. You hit the orc. Lightning courses through the orc!!
You kill the orc!
You hit the orc. Lightning courses through the orc!!
You kill the orc!
You barely miss the orc. The orc hits you with a +0 club.
You hit the orc.
The orc is almost dead.
The orc priest looks encouraged for a moment.
The orc hits you but does no damage.
You hit the orc.
You kill the orc!
You hit the orc priest.
You bite the orc priest, but do no damage.
The orc priest is moderately wounded.
The orc priest mumbles some strange prayers to Beogh against you.
Pain shoots through your body!
You barely miss the orc priest.
The orc priest is moderately wounded.
The orc priest barely misses you.
You barely miss the orc priest.
The orc priest is moderately wounded.
The orc priest mumbles some strange prayers to Beogh against you.
Pain shoots through your body!
You barely miss the orc priest.
The orc priest is moderately wounded.
The orc priest hits you but does no damage.
You puncture the orc priest! You bite the orc priest.
The orc priest is almost dead.
The orc priest invokes the aid of Beogh against you.
Beogh smites you!
* * * LOW HITPOINT WARNING * * *
You barely miss the orc priest.
The orc priest is almost dead.
The orc priest hits you but does no damage.
You barely miss the orc priest.
The orc priest is almost dead.
The orc priest calls down the wrath of Beogh upon you.
Pain shoots through your body!
You die...

###.[.........s#.
.........$.......
#............#
#.####...#####.
#......... ####
#...###### ... #.o.#
##.## ##o## ##...##
#@###### #.....###
#......# #........ #####
#.####.###...†.# #...#
##.###.........##
###...###
#.......####.###
#.......####..##.#.# #.#
#.......÷....†##.#.# #.#
#.......#####......####.#
###...### ##...#........#


You could see an orc priest and an orc.

Vanquished Creatures
  A bombardier beetle (D:4)
  A hound (D:3)
  Jessica (D:3)
  Terence (D:3)
  7 adders
  A ribbon worm (D:3)
  A dart slug (D:3)
  4 orcs (D:4)
  5 ball pythons
  3 endoplasms
  A giant cockroach (D:4)
  4 goblins
  2 hobgoblins
  4 jackals (D:3)
  4 kobolds
  A quokka (D:3)
  4 bats
  2 frilled lizards (D:3)
  A rat (D:2)
48 creatures vanquished.

Notes
Turn   | Place    | Note
-------+----------+-------------------------------------------
     0 | D:1      | talack the Gnoll Hexslinger began the quest for the Orb.
     0 | D:1      | Reached XP level 1. HP: 17/17 MP: 4/4
   237 | D:2      | Reached XP level 2. HP: 19/23 MP: 5/5
   316 | D:2      | Reached XP level 3. HP: 11/28 MP: 7/7
   525 | D:2      | Found Qoxtet's Armour Boutique.
   592 | D:2      | Reached skill level 1 in Invocations
   613 | D:2      | Reached skill level 1 in Short Blades
   613 | D:2      | Reached skill level 1 in Long Blades
   613 | D:2      | Reached skill level 1 in Axes
   613 | D:2      | Reached skill level 1 in Maces & Flails
   613 | D:2      | Reached skill level 1 in Polearms
   613 | D:2      | Reached skill level 1 in Staves
   613 | D:2      | Reached skill level 1 in Throwing
   613 | D:2      | Reached skill level 1 in Armour
   613 | D:2      | Reached skill level 1 in Stealth
   613 | D:2      | Reached skill level 1 in Shields
   613 | D:2      | Reached skill level 1 in Unarmed Combat
   613 | D:2      | Reached skill level 1 in Evocations
   725 | D:2      | Identified the +0 leather armour "Curiogh" {^Contam Rampage
                  | Dex+3}
  1459 | D:3      | Reached skill level 1 in Shapeshifting
  1459 | D:3      | Reached XP level 4. HP: 31/34 MP: 8/8
  1897 | D:3      | Reached skill level 1 in Conjurations
  1897 | D:3      | Reached skill level 1 in Summonings
  1897 | D:3      | Reached skill level 1 in Necromancy
  1897 | D:3      | Reached skill level 1 in Translocations
  1897 | D:3      | Reached skill level 1 in Ice Magic
  1897 | D:3      | Reached skill level 1 in Air Magic
  1897 | D:3      | Reached skill level 1 in Earth Magic
  1897 | D:3      | Reached skill level 1 in Alchemy
  2079 | D:3      | Reached XP level 5. HP: 40/40 MP: 9/9
  2094 | D:3      | Noticed Jessica
  2098 | D:3      | Killed Jessica
  2219 | D:3      | Noticed Terence
  2231 | D:3      | Killed Terence
  2761 | D:4      | Reached XP level 6. HP: 40/47 MP: 9/11
  2836 | D:4      | Killed from afar by an orc priest

Illustrated notes

Levels and vault maps discovered:
D:1:      dpeg_arrival_castle, layout_loops_corners, basic_ecumenical_altar,
          chequers_big_river
D:2:      layout_basic, serial_shops, shop
D:3:      layout_loops_corners, minmay_misc_feat_diagonals, uniq_terence,
          uniq_jessica
D:4:      layout_loops_cross

Skill      XL: |  1  2  3  4  5 |
---------------+----------------+-----
Fire Magic     | 2 |  2.5
Invocations    | 1 2 |  2.0
Short Blades   | 1 |  1.8
Long Blades    | 1 |  1.8
Axes           | 1 |  1.8
Maces & Flails | 1 |  1.8
Polearms       | 1 |  1.8
Staves         | 1 |  1.8
Throwing       | 1 |  1.8
Armour         | 1 |  1.8
Stealth        | 1 |  1.8
Shields        | 1 |  1.8
Unarmed Combat | 1 |  1.8
Evocations     | 1 |  1.8
Shapeshifting  | 1 |  1.6
Spellcasting   | 3 |  3.3
Conjurations   | 1 |  1.4
Summonings     | 1 |  1.4
Necromancy     | 1 |  1.4
Translocations | 1 |  1.4
Ice Magic      | 1 |  1.4
Air Magic      | 1 |  1.4
Earth Magic    | 1 |  1.4
Alchemy        | 1 |  1.4
Fighting       | 3 |  3.1
Ranged Weapons | |  4.9
Dodging        | |  4.9
Hexes          | |  5.6

Action                     |  1- 3 |  4- 6 || total
---------------------------+-------+-------++-------
  Melee: Dagger            |       |    23 ||    23
         Bite              |       |     7 ||     7
         Short sword       |       |    33 ||    33
         Punch             |       |     2 ||     2
   Fire: Sling             |   106 |    23 ||   129
         Orcbow            |       |    10 ||    10
  Throw: Stone             |       |    18 ||    18
         Dart              |       |     4 ||     4
   Stab: Distracted        |       |     1 ||     1
 Armour: Robe              |    22 |       ||    22
         Ring mail         |    16 |    53 ||    69
  Dodge: Dodged            |    65 |    46 ||   111
